 Dungeon Crawl Stone Soup version 0.30.0-5-g1a98f26d00 (webtiles) character file.

Game seed: 14418968714613523205

1498 retardedninja the Firebug (level 8, -2/67 HPs)
             Began as an Ogre Fire Elementalist on May 9, 2023.
             Was an Elder of Jiyva.
             Slain by a steam dragon (5 damage)
             ... on level 7 of the Dungeon.
             The game lasted 00:09:08 (5197 turns).

retardedninja the Firebug (Ogre Fire Elementalist)  Turns: 5197, Time: 00:09:08

Health: -2/67      AC:  3    Str: 13    XL:     8   Next: 81%
Magic:  14/17      EV: 10    Int: 18    God:    Jiyva [****..]
Gold:   116        SH:  0    Dex:  9    Spells: 12/19 levels left

rFire   . . .        k - +7 quarterstaff of Febla {flame, SInv}
rCold   . . .        (shield currently unavailable)
rNeg    . . .        a - +0 robe
rPois   +            (helmet unavailable)
rElec   .            (no cloak)
rCorr   +            (gloves unavailable)
SInv    +            (boots unavailable)
Will    .....        (no amulet)
Stlth   +            (no ring)
HPRegen 1.59/turn    (no ring)
MPRegen 0.55/turn

%: no passive effects
@: no status effects
A: large, unfitting armour, tough skin 1, antennae 3, poison resistance, jelly
absorbing missiles, sturdy frame 1
a: Renounce Religion, Oozemancy, Slimify


You were on level 7 of the Dungeon.
You worshipped Jiyva.
Jiyva was greatly pleased with you.
You visited 1 branch of the dungeon, and saw 7 of its levels.

You collected 116 gold pieces.

Inventory:

Hand Weapons
 e - a +0 mace
 k - the +7 quarterstaff of Febla (weapon) {flame, SInv}
   (You found it on level 2 of the Dungeon)

   SInv:      It lets you see invisible.
Missiles
 l - 12 poisoned darts
 o - 2 throwing nets
 w - 2 atropa-tipped darts
Armour
 a - a +0 robe (worn)
Jewellery
 n - an amulet of the acrobat
Scrolls
 c - a scroll of blinking {unknown}
 f - a scroll of noise {unknown}
 g - a scroll of poison {unknown}
 i - 4 scrolls of teleportation {unknown}
 j - a scroll of magic mapping {unknown}
 r - 4 scrolls of identify {unknown}
 s - a scroll of enchant weapon {unknown}
 t - a scroll of immolation {unknown}
Potions
 b - a potion of magic
 d - 3 potions of brilliance {unknown}
 h - a potion of might {unknown}
 m - a potion of curing {unknown}
 p - a potion of cancellation {unknown}
 q - a potion of mutation {unknown}
 u - a potion of berserk rage {unknown}


   Skills:
 - Level 2.0 Dodging
 - Level 1.4 Stealth
 + Level 6.3 Spellcasting
 + Level 4.6 Conjurations
 * Level 7.4 Fire Magic


You had 12 spell levels left.
You knew the following spells:

 Your Spells              Type           Power      Damage    Failure   Level
a - Foxfire               Conj/Fire      100%       2x1d9     1%          1
b - Scorch                Fire           64%        2d8       1%          2
c - Flame Wave            Conj/Fire      27%        2d9       10%         4

Your spell library contained the following spells:

 Spells                   Type           Power      Damage    Failure   Level
 Inner Flame              Hex/Fire       19%        N/A       8%          3
 Volatile Blastmotes      Fire/Tloc      38%        2d13      8%          3
 Apportation              Tloc           10%        N/A       12%         1
 Necrotise                Necr           20%        1d5       12%         1
 Summon Small Mammal      Summ           20%        N/A       12%         1
 Arcjolt                  Conj/Air       7%         1d17      77%         5
 Borgnjor's Vile Clutch   Necr/Erth      2%         N/A       97%         5
 Lee's Rapid Deconstruct  Erth           2%         3d5*      97%         5


Dungeon Overview and Level Annotations

Branches:
Dungeon (7/15)             Temple (0/1) D:5

Altars:
Elyvilon
Kikubaaqudgha
Jiyva

Shops:
D:3 *

Annotations:
D:5 1 runed translucent door, qeuew's ghost, amateur MiFi


Innate Abilities, Weirdness & Mutations

You are too large for most types of armour.
You have tough skin. (AC +1)
You have a pair of large antennae on your head. (SInv)
Your system is resistant to poisons. (rPois)
You have a small jelly attached to you that may absorb projectiles.
Your movements are slightly less encumbered by armour. (ER -2)


Message History

Casting: Foxfire (safe; 1% risk of failure)
Confirm with . or Enter, or press ? or * to list all spells.
Flames lash the bullfrog.
You kill the bullfrog!
You are engulfed in a cloud of scalding steam.
The steam dragon breathes steam at you. The ball of steam hits you!
Casting: Scorch (safe; 1% risk of failure)
Confirm with . or Enter, or press ? or * to list all spells.
Flames lash the steam dragon.
The steam dragon is severely wounded.
The steam dragon's fire resistance burns away.
You are engulfed in a cloud of scalding steam.
* * * LOW HITPOINT WARNING * * *
The steam dragon bites you.
* * * LOW HITPOINT WARNING * * *
The steam dragon closely misses you.
Aiming: Quicksilver Bolt
Press: ? - help, Q - select action, (/) - cycle Shift-Dir - straight line, f - steam dragon
Aim: a steam dragon (severely wounded, catching its breath, more vulnerable to fire, 71% to hit)
The bolt of dispelling energy misses the steam dragon.
The now-empty wand crumbles to dust.
You are engulfed in a cloud of scalding steam.
* * * LOW HITPOINT WARNING * * *
The steam dragon bites you.
* * * LOW HITPOINT WARNING * * *
The steam dragon claws you but does no damage.
You hear a distant slurping noise.
The steam dragon barely misses you. The steam dragon claws you.
* * * LOW HITPOINT WARNING * * *
The steam dragon bites you.
* * * LOW HITPOINT WARNING * * *
The steam dragon claws you.
* * * LOW HITPOINT WARNING * * *
Casting: Scorch (safe; 1% risk of failure)
Confirm with . or Enter, or press ? or * to list all spells.
Flames lash the steam dragon.
The steam dragon is burned terribly!
The steam dragon is almost dead.
The steam dragon bites you.
You die...

### ....## ##..
..#..## ##.>.
......#
#....####.......
##.............
#...........#
##..........##
#.....<.@....#
#...#..†D........
# ##......>.#..
...#...#$.#
....##..###...
###. .... .... ..
....# #..
......... ..


You could see a steam dragon (combustible).

Vanquished Creatures
  Eustachio (D:5)
  A steam dragon (D:6)
  A sky beast (D:6)
  A centaur (D:5)
  A bullfrog (D:7)
  3 scorpions (D:6)
  9 wights
  A howler monkey (D:6)
  A hound (D:6)
  2 orc wizards (D:5)
  9 adders
  2 white imps (D:6)
  2 ufetubi (D:5)
  A worm (D:2)
  5 dart slugs
  6 orcs
  4 ball pythons
  3 bats
  3 endoplasms (D:1)
  3 giant cockroaches
  6 goblins
  6 hobgoblins
  4 jackals
  3 kobolds
  3 quokkas
  2 frilled lizards (D:1)
  A rat (D:1)
84 creatures vanquished.

Vanquished Creatures (collateral kills)
  A wight (D:6)
  A white imp (D:6)
  A foxfire (D:5)
3 creatures vanquished.

Vanquished Creatures (others)
  Grinder (D:6)
  A jelly (D:6)
  A hound (D:5)
  An orc priest (D:4)
  2 iguanas
  An orc wizard (D:5)
  2 adders (D:3)
  A dart slug (D:4)
  5 orcs
  2 ball pythons
  A bat (D:3)
  3 endoplasms (D:4)
  A giant cockroach (D:3)
  A goblin (D:3)
  A quokka (D:4)
  2 kobolds
  378 foxfires
404 creatures vanquished.

Grand Total: 491 creatures vanquished

Notes
Turn   | Place    | Note
-------+----------+-------------------------------------------
     0 | D:1      | retardedninja the Ogre Fire Elementalist began the quest
                  | for the Orb.
     0 | D:1      | Reached XP level 1. HP: 16/16 MP: 3/3
   245 | D:1      | Reached skill level 3 in Fire Magic
   312 | D:1      | Reached skill level 1 in Conjurations
   312 | D:1      | Reached XP level 2. HP: 24/24 MP: 1/5
  1208 | D:1      | Found a faded altar of an unknown god.
  1235 | D:1      | Prayed at the altar of an unknown god.
  1235 | D:1      | Became a worshipper of Jiyva Jagas the Shapeless
  1235 | D:1      | Reached * piety under Jiyva
  1458 | D:2      | Reached XP level 3. HP: 31/31 MP: 4/6
  1529 | D:2      | Identified the +7 quarterstaff of Febla {flame, SInv}
  1727 | D:2      | Reached ** piety under Jiyva
  2274 | D:3      | Reached *** piety under Jiyva
  2406 | D:3      | Learned a level 2 spell: Scorch
  2409 | D:3      | Found Ivvum's General Store.
  2451 | D:3      | Reached XP level 4. HP: 39/39 MP: 8/8
  2586 | D:3      | Gained mutation: Your movements are slightly less
                  | encumbered by armour. (ER -2) [Jiyva's grace]
  2586 | D:3      | Gained mutation: Your movements are less encumbered by
                  | armour. (ER -4) [Jiyva's grace]
  2586 | D:3      | Gained mutation: Your movements are significantly less
                  | encumbered by armour. (ER -6) [Jiyva's grace]
  2586 | D:3      | Gained mutation: You have a small jelly attached to you
                  | that may absorb projectiles. [Jiyva's grace]
  2720 | D:3      | Got the Handbook of Sandy Wounds
  2860 | D:3      | Reached **** piety under Jiyva
  3080 | D:4      | Found a white marble altar of Elyvilon.
  3206 | D:4      | Reached skill level 4 in Fire Magic
  3305 | D:4      | Found an ancient bone altar of Kikubaaqudgha.
  3536 | D:5      | Entered Level 5 of the Dungeon
  3543 | D:5      | Reached XP level 5. HP: 45/45 MP: 10/10
  3556 | D:5      | Reached ***** piety under Jiyva
  3650 | D:5      | Noticed Eustachio
  3662 | D:5      | Killed Eustachio
  3663 | D:5      | Reached XP level 6. HP: 17/53 MP: 7/12
  3726 | D:5      | Found a runed translucent door.
  3727 | D:5      | Noticed qeuew's ghost (amateur MiFi)
  3892 | D:5      | Reached skill level 5 in Fire Magic
  3931 | D:5      | Found a staircase to the Ecumenical Temple.
  4067 | D:5      | Lost mutation: Your movements are significantly less
                  | encumbered by armour. (ER -6) [Jiyva's grace]
  4067 | D:5      | Lost mutation: Your movements are less encumbered by
                  | armour. (ER -4) [Jiyva's grace]
  4067 | D:5      | Gained mutation: Your system is resistant to poisons.
                  | (rPois) [Jiyva's grace]
  4067 | D:5      | Gained mutation: You have a pair of small antennae on your
                  | head. [Jiyva's grace]
  4067 | D:5      | Gained mutation: You have a pair of antennae on your head.
                  | [Jiyva's grace]
  4067 | D:5      | Gained mutation: You have a pair of large antennae on your
                  | head. (SInv) [Jiyva's grace]
  4221 | D:5      | Reached XP level 7. HP: 57/59 MP: 3/13
  4478 | D:6      | Reached skill level 5 in Spellcasting
  4514 | D:6      | Reached skill level 6 in Fire Magic
  4528 | D:6      | Reached XP level 8. HP: 14/65 MP: 8/16
  4538 | D:6      | Noticed Edmund
  4546 | D:6      | Slimified Edmund
  4546 | D:6      | Edmund changed into Edmund the jelly
  4546 | D:6      | Noticed Edmund
  4546 | D:6      | HP: 2/65 [poisoned by Edmund]
  4808 | D:6      | Killed Grinder
  4940 | D:6      | Reached skill level 7 in Fire Magic
  5167 | D:6      | Learned a level 4 spell: Flame Wave
  5195 | D:7      | HP: 3/67 [steam dragon (2)]
  5197 | D:7      | Slain by a steam dragon

Illustrated notes

Levels and vault maps discovered:
D:1:      dpeg_arrival_boxes_within_box, layout_basic,
          shapermc_ecumenical_altar_ellora
D:2:      layout_basic, serial_curves, eino_curves_01, eino_curves_03
D:3:      layout_loops_corners, serial_shops, nicolae_shop_behind_doors
D:4:      layout_cave_pools, kiku_gazebo_garden_becter, elyvilon_altar_1
D:5:      layout_rooms, minmay_temple_entry_fiery, gammafunk_ghost_grave,
          uniq_eustachio
D:6:      layout_rooms, kennysheep_generic_room_6, uniq_grinder, uniq_edmund
D:7:      layout_cave_pools, vehumet_altar_wand_db, doesnt_xom_only_xom,
          grunt_decor_clamped, minmay_chambers_of_fives, uniq_maggie

Skill      XL: |  1  2  3  4  5  6  7  8 |
---------------+-------------------------+-----
Fire Magic     | 3 4 5 6 7 |  7.4
Conjurations   | 1 2 3 4 |  4.6
Dodging        | 2 |  2.0
Spellcasting   | 3 4 5 6 |  6.3
Stealth        | |  1.4

Action                     |  1- 3 |  4- 6 |  7- 9 || total
---------------------------+-------+-------+-------++-------
  Melee: Unarmed           |    10 |       |       ||    10
         Quarterstaff      |     3 |    13 |     1 ||    17
   Cast: Foxfire           |   105 |    81 |    56 ||   242
         Scorch            |       |    17 |    23 ||    40
 Invoke: Oozemancy         |       |     1 |       ||     1
         Slimify           |       |       |     1 ||     1
  Evoke: Wand              |       |       |     7 ||     7
    Use: Potion            |       |       |     3 ||     3
 Armour: Robe              |     9 |    32 |     4 ||    45
  Dodge: Dodged            |    15 |    54 |    29 ||    98
